SAA
LANCASTER FARMERS @ ATLANTIC CITY SONICS
09/13/2029
 
TOP OF THE 1ST
Lancaster Farmers batting - Pitching for Atlantic City Sonics : RHP Osvaldo Garibe
Pitching: RHP Osvaldo Garibe
Batting: SHB Robert La Caze 0-0: Called Strike
0-1: Ball
1-1: Ball
2-1: Ground out 1-3 (Groundball, 13)
Batting: RHB Woodrow Terrebonne 0-0: Ball
1-0: Called Strike
1-1: Foul Ball, location: 2F
1-2: Foul Ball, location: 2F
1-2: Ball
2-2: Strikes out swinging
Batting: LHB Tullu Amaad 0-0: Fly out, F8 (Flyball, 8LS)
Top of the 1st over - 0 runs, 0 hits, 0 errors, 0 left on base; Lancaster 0 - Atlantic City 0
BOTTOM OF THE 1ST
Atlantic City Sonics batting - Pitching for Lancaster Farmers : RHP Bert Gean
Pitching: RHP Bert Gean
Batting: LHB Ramón Garmendia 0-0: Called Strike
0-1: Called Strike
0-2: Foul Ball, location: 2F
0-2: Ball
1-2: Ground out 4-3 (Groundball, 4)
Batting: RHB Jesús Guzmán 0-0: Foul Ball, location: 2F
0-1: Ground out 6-3 (Groundball, 6)
Batting: RHB Eddie Sachs 0-0: Fly out, F7 (Flyball, 7LSF)
Bottom of the 1st over - 0 runs, 0 hits, 0 errors, 0 left on base; Lancaster 0 - Atlantic City 0
TOP OF THE 2ND
Lancaster Farmers batting - Pitching for Atlantic City Sonics : RHP Osvaldo Garibe
Now in CF: José López
Batting: RHB Gabe Cain 0-0: Foul Ball, location: 2F
0-1: Foul Ball, location: 2F
0-2: Ball
1-2: Ground out 4-3 (Groundball, 4)
Batting: LHB Carlos Germán 0-0: Called Strike
0-1: Ball
1-1: Ball
2-1: Ball
3-1: Called Strike
3-2: Foul Ball, location: 2F
3-2: Base on Balls
Batting: RHB Cosmo Castanhedo 0-0: Called Strike
0-1: Called Strike
0-2: Ball
1-2: Ball
2-2: Ground out 3-1 (Groundball, 34S)
Carlos Germán to second
Batting: LHB Mark Armstead 0-0: Ball
1-0: Foul Ball, location: 2F
1-1: Swinging Strike
1-2: Ball
2-2: Strikes out swinging
Top of the 2nd over - 0 runs, 0 hits, 0 errors, 1 left on base; Lancaster 0 - Atlantic City 0
BOTTOM OF THE 2ND
Atlantic City Sonics batting - Pitching for Lancaster Farmers : RHP Bert Gean
Batting: RHB José López 0-0: Ball
1-0: Called Strike
1-1: Ground out 6-3 (Groundball, 6)
Batting: RHB Karl Blanke 0-0: Called Strike
0-1: Foul Ball, location: 2F
0-2: Ball
1-2: Ball
2-2: Ball
3-2: Foul Ball, location: 2F
3-2: SINGLE (Line Drive, 56D)
Batting: RHB José Rodríguez 0-0: Ball
1-0: Called Strike
1-1: Foul Ball, location: 2F
1-2: Ball
2-2: Fly out, F5 (Popup, 56)
Batting: RHB Alejandro Sánchez 0-0: Swinging Strike
0-1: Ball
1-1: Fly out, F4 (Popup, 34)
Bottom of the 2nd over - 0 runs, 1 hit, 0 errors, 1 left on base; Lancaster 0 - Atlantic City 0
TOP OF THE 3RD
Lancaster Farmers batting - Pitching for Atlantic City Sonics : RHP Osvaldo Garibe
Batting: SHB Sven Spee 0-0: Ball
1-0: Ground out 4-3 (Groundball, 4)
Batting: RHB Juan Pedraza 0-0: Ball
1-0: Ball
2-0: Foul Ball, location: 2F
2-1: Called Strike
2-2: Strikes out swinging
Batting: SHB Robert La Caze 0-0: Foul Ball, location: 2F
0-1: Foul Ball, location: 2F
0-2: Foul Ball, location: 2F
0-2: Ground out 4-3 (Groundball, 4)
Top of the 3rd over - 0 runs, 0 hits, 0 errors, 0 left on base; Lancaster 0 - Atlantic City 0
BOTTOM OF THE 3RD
Atlantic City Sonics batting - Pitching for Lancaster Farmers : RHP Bert Gean
Batting: RHB Randy Sheffield 0-0: Foul Ball, location: 2F
0-1: Ground out 6-3 (Groundball, 6D)
Batting: RHB Thurman Blumer 0-0: Ball
1-0: Ball
2-0: Fly out, F8 (Flyball, 8RM)
Batting: LHB Ramón Garmendia 0-0: Ball
1-0: Ball
2-0: Fly out, F9 (Flyball, 9S)
Bottom of the 3rd over - 0 runs, 0 hits, 0 errors, 0 left on base; Lancaster 0 - Atlantic City 0
TOP OF THE 4TH
Lancaster Farmers batting - Pitching for Atlantic City Sonics : RHP Osvaldo Garibe
Batting: RHB Woodrow Terrebonne 0-0: Ball
1-0: Ball
2-0: Ball
3-0: Base on Balls
Batting: LHB Tullu Amaad 0-0: Called Strike
0-1: Ball
1-1: Foul Ball, location: 2F
1-2: Strikes out looking
Batting: RHB Gabe Cain 0-0: Ball
1-0: Ball
2-0: Ball
3-0: Called Strike
3-1: Called Strike
3-2: Foul Ball, location: 2F
3-2: Strikes out looking
Batting: LHB Carlos Germán 0-0: Ball
1-0: Ball
Wild Pitch!
Woodrow Terrebonne to second
2-0: Ball
3-0: Base on Balls
Batting: RHB Cosmo Castanhedo 0-0: Called Strike
0-1: Swinging Strike
0-2: Foul Ball, location: 2F
0-2: Foul Ball, location: 2F
0-2: Ball
1-2: Ball
2-2: Ground out U3 (Groundball, 34S)
Top of the 4th over - 0 runs, 0 hits, 0 errors, 2 left on base; Lancaster 0 - Atlantic City 0
BOTTOM OF THE 4TH
Atlantic City Sonics batting - Pitching for Lancaster Farmers : RHP Bert Gean
Batting: RHB Jesús Guzmán 0-0: Fly out, F7 (Flyball, 7)
Batting: RHB Eddie Sachs 0-0: Foul Ball, location: 2F
0-1: Called Strike
0-2: Ball
1-2: DOUBLE (Line Drive, 7LM)
Batting: RHB José López 0-0: Ball
1-0: Reached on error, E6 (Groundball, 6S)
Eddie Sachs to third
Batting: RHB Karl Blanke 0-0: Foul Ball, location: 2F
0-1: Foul Ball, location: 2F
0-2: DOUBLE (Line Drive, 8RD)
Eddie Sachs scores
José López to third
Batting: RHB José Rodríguez 0-0: Called Strike
0-1: Foul Ball, location: 2F
0-2: Strikes out swinging
Batting: RHB Alejandro Sánchez 0-0: Called Strike
0-1: Ball
1-1: Fly out, F5 (Popup, 5)
Bottom of the 4th over - 1 run, 2 hits, 1 error, 2 left on base; Lancaster 0 - Atlantic City 1
TOP OF THE 5TH
Lancaster Farmers batting - Pitching for Atlantic City Sonics : RHP Osvaldo Garibe
Batting: LHB Mark Armstead 0-0: Ball
1-0: Called Strike
1-1: DOUBLE (Line Drive, 9D)
Batting: SHB Sven Spee 0-0: Ball
1-0: Ball
2-0: Called Strike
2-1: Called Strike
2-2: Foul Ball, location: 2F
2-2: Foul Ball, location: 2F
2-2: Ball
3-2: Base on Balls
Batting: RHB Juan Pedraza 0-0: Sac Bunt - play at first, batter OUT! 3-4
Mark Armstead to third
Sven Spee to second
Batting: SHB Robert La Caze 0-0: Ball
1-0: SINGLE (Line Drive, 6MD)
Mark Armstead scores
Sven Spee to third
Runner from 3rd tries for Home, SAFE, no throw
Batting: RHB Woodrow Terrebonne 0-0: Swinging Strike
0-1: Foul Ball, location: 2F
0-2: Ball
1-2: Strikes out swinging
Batting: LHB Tullu Amaad 0-0: Ball
1-0: Swinging Strike
1-1: Ball
2-1: Foul Ball, location: 2F
2-2: Strikes out swinging
Top of the 5th over - 2 runs, 2 hits, 0 errors, 1 left on base; Lancaster 2 - Atlantic City 1
BOTTOM OF THE 5TH
Atlantic City Sonics batting - Pitching for Lancaster Farmers : RHP Bert Gean
Batting: RHB Randy Sheffield 0-0: Swinging Strike
0-1: Ball
1-1: Foul Ball, location: 2F
1-2: Foul Ball, location: 2F
1-2: Foul Ball, location: 2F
1-2: Strikes out swinging
Batting: RHB Thurman Blumer 0-0: Swinging Strike
0-1: Ball
1-1: Ground out 4-3 (Groundball, 4)
Batting: LHB Ramón Garmendia 0-0: Ball
1-0: Called Strike
1-1: Ground out U3 (Groundball, 3L)
Bottom of the 5th over - 0 runs, 0 hits, 0 errors, 0 left on base; Lancaster 2 - Atlantic City 1
TOP OF THE 6TH
Lancaster Farmers batting - Pitching for Atlantic City Sonics : RHP Osvaldo Garibe
Batting: RHB Gabe Cain 0-0: Fly out, F3 (Popup, 3F)
Batting: LHB Carlos Germán 0-0: Ball
1-0: Ball
2-0: Foul Ball, location: 2F
2-1: Foul Ball, location: 2F
2-2: SINGLE (Line Drive, 9LS)
Batting: RHB Cosmo Castanhedo 0-0: Ball
1-0: Called Strike
1-1: Ball
2-1: Ball
3-1: Called Strike
3-2: Ground out 6-3 (Groundball, 6)
Carlos Germán to second
Batting: LHB Mark Armstead 0-0: Foul Ball, location: 2F
0-1: Ball
1-1: Ball
2-1: Fly out, F8 (Line Drive, 8RM)
Top of the 6th over - 0 runs, 1 hit, 0 errors, 1 left on base; Lancaster 2 - Atlantic City 1
BOTTOM OF THE 6TH
Atlantic City Sonics batting - Pitching for Lancaster Farmers : RHP Bert Gean
Batting: RHB Jesús Guzmán 0-0: Ball
1-0: Ball
2-0: SINGLE (Line Drive, 6M)
Batting: RHB Eddie Sachs 0-0: Ball
1-0: Fly out, F8 (Line Drive, 78M)
Batting: RHB José López 0-0: Ball
1-0: Fly out, F9 (Flyball, 9LMF)
Batting: RHB Karl Blanke 0-0: Ball
1-0: Called Strike
Jesús Guzmán steals 2nd base
1-1: Foul Ball, location: 2F
1-2: Ground out 4-3 (Groundball, 34)
Bottom of the 6th over - 0 runs, 1 hit, 0 errors, 1 left on base; Lancaster 2 - Atlantic City 1
TOP OF THE 7TH
Lancaster Farmers batting - Pitching for Atlantic City Sonics : RHP Osvaldo Garibe
Batting: SHB Sven Spee 0-0: SINGLE (Line Drive, 9S)
Batting: RHB Juan Pedraza 0-0: Ball
1-0: Sac Bunt - play at first, batter OUT! 1-4
Sven Spee to second
Pitching: LHP Doppo Omikado
Pinch Hitting: RHB Alejandro Garza 0-0: Called Strike
0-1: Ball
1-1: Ball
2-1: Foul Ball, location: 2F
2-2: Ball
3-2: Strikes out swinging
Batting: RHB Woodrow Terrebonne 0-0: Foul Ball, location: 2F
0-1: Called Strike
0-2: Ball
1-2: Ball
2-2: Ball
3-2: SINGLE (Groundball, 56D)
Sven Spee to third
Sven Spee scores
Batting: LHB Tullu Amaad 0-0: Ball
1-0: Fly out, F9 (Flyball, 9LSF)
Top of the 7th over - 1 run, 2 hits, 0 errors, 1 left on base; Lancaster 3 - Atlantic City 1
BOTTOM OF THE 7TH
Atlantic City Sonics batting - Pitching for Lancaster Farmers : RHP Bert Gean
Now at 2B: Edgardo Castro
Batting: RHB José Rodríguez 0-0: Called Strike
0-1: Ball
1-1: SINGLE (Groundball, 34D)
Batting: RHB Alejandro Sánchez 0-0: Ball
1-0: Ball
2-0: Ball
3-0: Called Strike
3-1: Foul Ball, location: 2F
3-2: SINGLE (Groundball, 56D)
José Rodríguez to second
Pinch Hitting: LHB José Pacheco 0-0: Foul Ball, location: 2F
0-1: Ball
1-1: Ball
2-1: Foul Ball, location: 2F
2-2: Fly out, F9 (Flyball, 89M)
Pinch Hitting: LHB Russ Hanneman 0-0: Ball
1-0: Foul Ball, location: 2F
1-1: Ball
2-1: SINGLE (Line Drive, 8RS)
José Rodríguez to third
Alejandro Sánchez to second
Runner from 3rd tries for Home, SAFE, no throw
Pinch Runner at 2nd Damon Grinter:
Batting: LHB Ramón Garmendia 0-0: Ball
1-0: Foul Ball, location: 2F
1-1: Ball
2-1: Fly out, F9 (Flyball, 9)
Pitching: LHP Terence Pasamonte
Pinch Hitting: RHB Dam Son 0-0: Ball
1-0: Foul Ball, location: 2F
1-1: SINGLE (Line Drive, 4MD)
Damon Grinter to third
Russ Hanneman to second
Runner from 3rd tries for Home, SAFE, throw made home
Batting: RHB Eddie Sachs 0-0: Ball
1-0: Called Strike
1-1: Fly out, F9 (Flyball, 9LS)
Bottom of the 7th over - 2 runs, 4 hits, 0 errors, 2 left on base; Lancaster 3 - Atlantic City 3
TOP OF THE 8TH
Lancaster Farmers batting - Pitching for Atlantic City Sonics : LHP Doppo Omikado
Now at 2B: Cristóbal García
Now at 3B: Luchino Salimbeni
Now in LF: Damon Grinter
Now in RF: José Pacheco
Batting: RHB Gabe Cain 0-0: Ball
1-0: Foul Ball, location: 2F
1-1: Foul Ball, location: 2F
1-2: Strikes out looking
Batting: LHB Carlos Germán 0-0: Called Strike
0-1: Foul Ball, location: 2F
0-2: Strikes out swinging
Batting: RHB Cosmo Castanhedo 0-0: Called Strike
0-1: Foul Ball, location: 2F
0-2: Ball
1-2: Foul Ball, location: 2F
1-2: Strikes out looking
Top of the 8th over - 0 runs, 0 hits, 0 errors, 0 left on base; Lancaster 3 - Atlantic City 3
BOTTOM OF THE 8TH
Atlantic City Sonics batting - Pitching for Lancaster Farmers : LHP Terence Pasamonte
Pinch Hitting: RHB Nobuhiko Nakayama 0-0: SINGLE (Line Drive, 78S)
Batting: RHB Karl Blanke 0-0: Called Strike
0-1: Foul Ball, location: 2F
0-2: Grounds into double play, 3-6-4 (Groundball, 34)
Batting: RHB José Rodríguez 0-0: Called Strike
0-1: Ball
1-1: Ball
2-1: Ball
3-1: Swinging Strike
3-2: Base on Balls
Batting: RHB Damon Grinter 0-0: SINGLE (Line Drive, 4MD)
José Rodríguez to second
Batting: LHB José Pacheco 0-0: Called Strike
0-1: Foul Ball, location: 2F
0-2: Ball
1-2: Ball
2-2: Ground out 6-3 (Groundball, 4MD)
Bottom of the 8th over - 0 runs, 2 hits, 0 errors, 2 left on base; Lancaster 3 - Atlantic City 3
TOP OF THE 9TH
Lancaster Farmers batting - Pitching for Atlantic City Sonics : LHP Doppo Omikado
Pitching: LHP Todd Howell
Now in LF: Nobuhiko Nakayama
Batting: LHB Mark Armstead 0-0: Called Strike
0-1: Called Strike
0-2: Ball
1-2: Ball
2-2: SINGLE (Flyball, 7S)
Pinch Runner at 1st Danijel van Aalten:
Batting: SHB Sven Spee 0-0: Ball
Danijel van Aalten is caught stealing 2nd base
1-0: Foul Ball, location: 2F
1-1: Ball
2-1: Ground out 6-3 (Groundball, 6)
Batting: RHB Juan Pedraza 0-0: Ball
1-0: Fly out, F9 (Line Drive, 9)
Top of the 9th over - 0 runs, 1 hit, 0 errors, 0 left on base; Lancaster 3 - Atlantic City 3
BOTTOM OF THE 9TH
Atlantic City Sonics batting - Pitching for Lancaster Farmers : LHP Terence Pasamonte
Pitching: RHP Raúl Nieto
Now in RF: Danijel van Aalten
Pinch Hitting: RHB Eddie McDoom 0-0: Called Strike
0-1: Ball
1-1: Foul Ball, location: 2F
1-2: Ball
2-2: Foul Ball, location: 2F
2-2: Foul Ball, location: 2F
2-2: Ground out 5-3 (Groundball, 56S)
Batting: LHB Ramón Garmendia 0-0: Ball
1-0: Ball
2-0: Swinging Strike
2-1: Ball
3-1: Base on Balls
Pinch Hitting: RHB Gianpaolo Monachino 0-0: Foul Ball, location: 2F
0-1: Ball
1-1: Ball
2-1: Called Strike
2-2: Ground out 6-3 (Groundball, 6)
Ramón Garmendia to second
Batting: RHB Eddie Sachs 0-0: Ball
1-0: Reached on error, E4 (Groundball, 4)
Ramón Garmendia to third
Batting: RHB Nobuhiko Nakayama 0-0: Ball
1-0: Ground out 6-3 (Groundball, 56)
Bottom of the 9th over - 0 runs, 0 hits, 1 error, 2 left on base; Lancaster 3 - Atlantic City 3
TOP OF THE 10TH
Lancaster Farmers batting - Pitching for Atlantic City Sonics : LHP Todd Howell
Now at 2B: Gianpaolo Monachino
Now at 3B: Eugene Harrison
Batting: RHB Edgardo Castro 0-0: Foul Ball, location: 2F
0-1: Fly out, F7 (Flyball, 7S)
Batting: RHB Woodrow Terrebonne 0-0: Ball
1-0: DOUBLE (Line Drive, 89M)
Batting: LHB Tullu Amaad 0-0: Fly out, F4 (Line Drive, 4)
Lined into DP, 4-6 (Line Drive, 4)
Top of the 10th over - 0 runs, 1 hit, 0 errors, 0 left on base; Lancaster 3 - Atlantic City 3
BOTTOM OF THE 10TH
Atlantic City Sonics batting - Pitching for Lancaster Farmers : RHP Raúl Nieto
Batting: RHB Karl Blanke 0-0: Ball
1-0: Fly out, F9 (Flyball, 9LDF)
Batting: RHB José Rodríguez 0-0: Ball
1-0: Called Strike
1-1: Swinging Strike
1-2: Ball
2-2: Ball
3-2: Base on Balls
Batting: RHB Damon Grinter 0-0: Called Strike
0-1: Fielders Choice at 2nd, 6-4 (Groundball, 6)
Batting: LHB José Pacheco 0-0: Called Strike
0-1: Called Strike
0-2: Ball
1-2: Fly out, F6 (Line Drive, 4M)
Bottom of the 10th over - 0 runs, 0 hits, 0 errors, 1 left on base; Lancaster 3 - Atlantic City 3
TOP OF THE 11TH
Lancaster Farmers batting - Pitching for Atlantic City Sonics : LHP Todd Howell
Pitching: RHP Pedro Reynoso
Pinch Hitting: LHB Pancho Farías 0-0: Foul Ball, location: 2F
0-1: Ball
1-1: Ball
2-1: Ground out 6-3 (Groundball, 6)
Batting: LHB Carlos Germán 0-0: Called Strike
0-1: Ground out 6-3 (Groundball, 6)
Batting: RHB Cosmo Castanhedo 0-0: Foul Ball, location: 2F
0-1: Ball
1-1: SINGLE (Line Drive, 8RS)
Pinch Hitting: RHB Pedro Torres 0-0: Ball
1-0: Fielders Choice at 2nd, 6-4 (Groundball, 6)
Top of the 11th over - 0 runs, 1 hit, 0 errors, 1 left on base; Lancaster 3 - Atlantic City 3
BOTTOM OF THE 11TH
Atlantic City Sonics batting - Pitching for Lancaster Farmers : RHP Raúl Nieto
Pitching: LHP Washington Scarpenti
Now in LF: Pancho Farías
Now in CF: Adrián Palma
Batting: RHB Eugene Harrison 0-0: Foul Ball, location: 2F
0-1: Ball
1-1: Fly out, F9 (Flyball, 89M)
Batting: LHB Ramón Garmendia 0-0: Called Strike
0-1: Ball
1-1: Swinging Strike
1-2: Foul Ball, location: 2F
1-2: Ball
2-2: Foul Ball, location: 2F
2-2: SINGLE (Groundball, 4MD)
Batting: RHB Gianpaolo Monachino 0-0: Called Strike
0-1: Ball
1-1: Called Strike
1-2: Ball
Ramón Garmendia steals 2nd base
2-2: Ball
3-2: Base on Balls
Batting: RHB Eddie Sachs 0-0: Called Strike
0-1: Called Strike
0-2: Ball
1-2: Ball
2-2: Ball
3-2: Grounds into double play, 5-4-3 (Groundball, 5D)
Bottom of the 11th over - 0 runs, 1 hit, 0 errors, 1 left on base; Lancaster 3 - Atlantic City 3
TOP OF THE 12TH
Lancaster Farmers batting - Pitching for Atlantic City Sonics : RHP Pedro Reynoso
Batting: SHB Sven Spee 0-0: Fly out, F4 (Line Drive, 4)
Batting: RHB Juan Pedraza 0-0: Ball
1-0: Called Strike
1-1: Foul Ball, location: 2F
1-2: Ball
2-2: Ball
3-2: Base on Balls
Batting: RHB Edgardo Castro 0-0: Called Strike
Juan Pedraza is caught stealing 2nd base
0-1: Ball
1-1: Swinging Strike
1-2: Ball
2-2: Strikes out swinging
Top of the 12th over - 0 runs, 0 hits, 0 errors, 0 left on base; Lancaster 3 - Atlantic City 3
BOTTOM OF THE 12TH
Atlantic City Sonics batting - Pitching for Lancaster Farmers : LHP Washington Scarpenti
Batting: RHB Nobuhiko Nakayama 0-0: Ball
1-0: Called Strike
1-1: Foul Ball, location: 2F
1-2: Ball
2-2: SINGLE (Groundball, 56D)
Batting: RHB Karl Blanke 0-0: SINGLE (Line Drive, 9S)
Nobuhiko Nakayama to second
Batting: RHB José Rodríguez 0-0: Ball
1-0: Bunted foul
1-1: Ball
2-1: Ball
3-1: Ball
Nobuhiko Nakayama to third
Karl Blanke to second
Batting: RHB Damon Grinter 0-0: Ball
1-0: SINGLE (Line Drive, 78M)
Nobuhiko Nakayama scores
Tuesday, December 19th, 2017 - OOTP Baseball 18.8 Build 76